 Dungeon Crawl Stone Soup version 0.29.1-12-g30fa7ad0bf (webtiles) character file.

Game seed: 3303437890419333390

35 soggyman666 the Covered (level 3, -7/33 HPs)
             Began as a Minotaur Fighter on Dec 29, 2022.
             Mangled by an ogre
             ... wielding a +0 giant club
              (24 damage)
             ... on level 4 of the Dungeon.
             The game lasted 00:00:59 (730 turns).

soggyman666 the Covered (Minotaur Fighter)           Turns: 730, Time: 00:00:59

Health: -7/33      AC: 11    Str: 22    XL:     3   Next: 16%
Magic:  2/2        EV:  6    Int:  5    God:
Gold:   77         SH:  4    Dex:  9    Spells: 2/2 levels left

rFire   . . .      SeeInvis .   a - +0 war axe
rCold   . . .      Faith    .   c - +0 buckler
rNeg    . . .      Spirit   .   f - +0 plate armour
rPois   .          Reflect  .   (helmet restricted)
rElec   .          Harm     .   (no cloak)
rCorr   .          Rampage  .   (no gloves)
Will    .....                   (no boots)
Stlth   ..........              (no amulet)
HPRegen 0.11/turn               (no ring)
MPRegen 0.08/turn               (no ring)

@: no status effects
A: horns 2, retaliatory headbutt
a: no special abilities


You were on level 4 of the Dungeon.
You visited 1 branch of the dungeon, and saw 3 of its levels.

You collected 77 gold pieces.

Inventory:

Hand Weapons
 a - a +0 war axe (weapon)
Armour
 c - a +0 buckler (worn)
 f - a +0 plate armour (worn)
Scrolls
 b - a scroll of enchant weapon {unknown}
 e - a scroll of summoning {unknown}
 k - a scroll of vulnerability {unknown}
 l - a scroll of poison {unknown}
 m - a scroll of acquirement {unknown}
 o - a scroll of amnesia {unknown}
Potions
 d - a potion of might
 g - a potion of flight {unknown}
 h - a potion of brilliance {unknown}
 i - a potion of degeneration {unknown}
 j - a potion of heal wounds {unknown}
 n - a potion of attraction {unknown}


   Skills:
 + Level 4.0 Fighting
 + Level 3.0 Axes
 + Level 4.1 Armour
 + Level 0.4 Dodging
 + Level 4.0 Shields


You had 2 spell levels left.
You didn't know any spells.
Your spell library was empty.

Dungeon Overview and Level Annotations

Branches:
Dungeon (2/15)

Altars:

Shops:
D:2 *


Innate Abilities, Weirdness & Mutations

You have a pair of horns on your head.
You reflexively headbutt those who attack you in melee.


Message History

A bat is nearby!
You barely miss the bat. The bat hits you but does no damage. The bat hits you.
A bat is nearby!
You hit the bat.
The bat is severely wounded.
You block the bat's attack.
You slash the bat!
You kill the bat!
HP restored.
n - a metallic green potion No target in view!
A sourceless malevolence fills the Dungeon...
You fall into a shaft and drop 2 floors!
The shaft crumbles and collapses.
Found 7 stones and 12 gold pieces.
No target in view!
A hobgoblin comes into view.
Found a stone staircase leading down.
The hobgoblin shouts!
A hobgoblin is nearby!
Found a stone staircase leading down.
The hobgoblin hits you but does no damage.
You slash the hobgoblin!
You kill the hobgoblin!
You see here a hobgoblin corpse.
Found a scroll labelled COINOFR XUOFEROD.
o - a scroll labelled COINOFR XUOFEROD
Found 7 stones.
An ogre comes into view. It is wielding a +0 giant club.
Found a stone staircase leading up and a stone staircase leading down.
The ogre moves out of view.
The ogre hits you with a +0 giant club!
You slash the ogre! You headbutt the ogre.
The ogre is heavily wounded.
The ogre hits you with a +0 giant club.
You hit the ogre but do no damage. You headbutt the ogre!
The ogre is almost dead.
The ogre hits you with a +0 giant club!!
Ouch! That really hurt!
You die...

#. #........# #.#. #........#
....##......>. #..........# .
.##...#......### ##.
................ ..##..
#.O........ #....####.@.......
#..##............
###................
##.(...........#.<##
##........##...#####
##.........####.....
.........####........ .. .##
....#............#..##.....###
.#. #............##.#.. .....#


You could see an ogre.

Vanquished Creatures
  2 dart slugs (D:1)
  2 ball pythons (D:1)
  5 bats
  3 endoplasms (D:1)
  2 giant cockroaches (D:1)
  2 goblins (D:1)
  2 hobgoblins
  3 jackals (D:1)
  2 quokkas
  A frilled lizard (D:2)
  3 kobolds (D:1)
27 creatures vanquished.

Notes
Turn   | Place    | Note
-------+----------+-------------------------------------------
     0 | D:1      | soggyman666 the Minotaur Fighter began the quest for the
                  | Orb.
     0 | D:1      | Reached XP level 1. HP: 19/19 MP: 0/0
   157 | D:1      | Reached XP level 2. HP: 23/27 MP: 1/1
   559 | D:1      | Reached XP level 3. HP: 33/33 MP: 2/2
   669 | D:2      | Found Vaigg's General Store.
   689 | D:2      | You fall into a shaft and drop 2 floors!
   726 | D:4      | Noticed an ogre
   730 | D:4      | Mangled by an ogre

Illustrated notes

Levels and vault maps discovered:
D:1:      lemuel_arrival_tunnels, layout_basic
D:2:      minmay_chambers_of_twos, layout_rooms, serial_shops, shop,
          chequers_ecumenical_altar_simple_redux, chequers_mini_garden
D:4:      layout_cave_pools, mainiacjoe_overflow_tiny_flanked,
          amcnicky_altar_gilded, nicolae_shop_self_help, uniq_sigmund

Skill      XL: |  1  2  3 |
---------------+----------+-----
Fighting       | 4 |  4.0
Armour         | 4 |  4.1
Shields        | 4 |  4.0
Axes           | 3 |  3.0
Dodging        | |  0.4

Action                   || total
-------------------------++-------
Melee: War axe           ||    46
       Headbutt          ||     7
Armor: Plate armour      ||    38
Dodge: Dodged            ||    11
Block: Buckler           ||     8
